 Dungeon Crawl Stone Soup version 0.25-b1-46-gb8a1ec05df (console) character file.

Game seed: 12700571011131982719

12136 Kagalorn the Thaumaturge (level 11, -4/83 HPs)
             Began as a Gnoll Air Elementalist on June 10, 2020.
             Was a Believer of Ashenzari.
             Slain by a six-headed hydra (7 damage)
             ... on level 8 of the Dungeon.
             The game lasted 00:40:35 (18424 turns).

Kagalorn the Thaumaturge (Gnoll Air Elementalist)  Turns: 18424, Time: 00:40:35

Health: -4/83      AC:  8    Str: 11    XL:     11   Next: 88%
Magic:  23/23      EV: 17    Int: 21    God:    Ashenzari [**....]
Gold:   422        SH:  0    Dex: 15    Spells: 17/26 levels left

rFire    + + .     SeeInvis .   a - +1 spear (flame)
rCold    + . .     Gourm    .   (no shield)
rNeg     . . .     Faith    .   L - +1 robe {rF+}
rPois    .         Spirit   .   F - +2 helmet (curse)
rElec    .         Reflect  .   h - scarf {rC+ rF+} (curse)
rCorr    .         Harm     .   K - +0 pair of gloves
MR       .....                  (no boots)
Stlth    +++.......             E - amulet of inaccuracy (curse)
HPRegen  0.23/turn              u - ring of attention (curse)
MPRegen  0.18/turn              (no ring)

@: lethally poisoned (-4 -> -54)
A: distributed training, fangs 1, strong nose
a: Curse Item, Scrying, Renounce Religion


You were on level 8 of the Dungeon.
You worshipped Ashenzari.
Ashenzari was pleased with you.
You were not hungry.

You visited 3 branches of the dungeon, and saw 13 of its levels.
You also visited: Sewer.

You collected 737 gold pieces.
You spent 315 gold pieces at shops.

Inventory:

Hand Weapons
 a - a +1 spear of flaming (weapon)
 b - a +0 hand crossbow
 e - a +2 flail of holy wrath
 w - a +2 dagger of venom
Missiles
 f - 7 curare-tipped darts
 k - 302 stones
 p - 40 bolts
 s - 21 poisoned darts (quivered)
 y - 26 sling bullets
 N - a throwing net
Armour
 h - a cursed scarf of resistance (worn)
 F - a cursed +2 helmet (worn)
 K - a +0 pair of gloves (worn)
 L - a +1 robe of fire resistance (worn)
Jewellery
 u - a cursed ring of attention (left hand)
 E - a cursed amulet of inaccuracy (around neck)
 I - the amulet "Xeal" {RegenMP *Corrode rElec rPois rF+}
   (You found it on level 6 of the Dungeon)

   [amulet of magic regeneration]

   It increases your magic regeneration.
   It protects you from fire.
   It insulates you from electricity.
   It protects you from poison.
   It may corrode you when you take damage.
Wands
 q - a wand of acid (6)
 H - a wand of flame (30)
 J - a wand of random effects (12)
Scrolls
 d - 2 scrolls of magic mapping {unknown}
 i - a scroll of fog
 m - a scroll of teleportation
 n - a scroll of blinking {unknown}
 o - 3 scrolls of enchant weapon {unknown}
 r - 4 scrolls of remove curse
 x - 4 scrolls of amnesia
 A - a scroll of torment {unknown}
 D - a scroll of immolation {unknown}
 O - a scroll of noise {unknown}
Potions
 g - 3 potions of haste
 j - a potion of brilliance {unknown}
 l - 3 potions of flight
 t - a potion of heal wounds
 v - 4 potions of curing
 z - 2 potions of cancellation {unknown}
 B - a potion of lignification
 C - 3 potions of might
 G - a potion of stabbing
 M - 3 potions of mutation
 P - a potion of berserk rage {unknown}
Comestibles
 c - 18 rations
 Q - a chunk of flesh


   Skills:
 + Level 6.6 Fighting
 + Level 6.6 Short Blades
 + Level 6.6 Long Blades
 + Level 6.6 Axes
 + Level 6.6 Maces & Flails
 + Level 6.6 Polearms
 + Level 6.6 Staves
 + Level 6.6 Slings
 + Level 6.6 Bows
 + Level 6.6 Crossbows
 + Level 6.6 Throwing
 + Level 6.6 Armour
 + Level 8.1 Dodging
 + Level 7.9 Stealth
 + Level 6.6 Shields
 + Level 6.6 Unarmed Combat
 + Level 8.4 Spellcasting
 + Level 5.9(7.4) Conjurations
 + Level 5.4(6.9) Hexes
 + Level 5.4(6.9) Charms
 + Level 5.4(6.9) Summonings
 + Level 5.4(6.9) Necromancy
 + Level 5.4(6.9) Translocations
 + Level 5.4(6.9) Transmutations
 + Level 5.4(6.9) Fire Magic
 + Level 5.4(6.9) Ice Magic
 + Level 7.8(9.3) Air Magic
 + Level 5.4(6.9) Earth Magic
 + Level 5.4(6.9) Poison Magic
 + Level 7.2 Invocations
 + Level 6.6(8.1) Evocations


You had 17 spell levels left.
You knew the following spells:

 Your Spells              Type           Power        Failure   Level  Hunger
a - Shock                 Conj/Air       ####         1%          1    None
b - Airstrike             Air            #####.....   1%          4    ###....
c - Summon Ice Beast      Ice/Summ       #####...     4%          4    ###....

Your spell library contained the following spells:

 Spells                   Type           Power        Failure   Level  Hunger
 Beastly Appendage        Tmut           #####.       1%          1    None
 Corona                   Hex            #####..      1%          1    None
 Summon Small Mammal      Summ           ####         1%          1    None
 Call Imp                 Summ           #####...     1%          2    None
 Slow                     Hex            #####...     1%          2    None
 Sticks to Snakes         Tmut           #####...     1%          2    None
 Swiftness                Chrm/Air       #####...     1%          2    None
 Call Canine Familiar     Summ           #####...     1%          3    None
 Inner Flame              Hex/Fire       #####...     1%          3    None
 Portal Projectile        Hex/Tloc       #####.       1%          3    None
 Spider Form              Tmut/Pois      #####.....   1%          3    None
 Static Discharge         Conj/Air       #####...     1%          3    None
 Summon Guardian Golem    Hex/Summ       #####...     1%          3    None
 Summon Lightning Spire   Summ/Air       #####...     2%          4    ###....
 Cause Fear               Hex            #####.....   4%          4    ###....
 Ice Form                 Ice/Tmut       #####...     4%          4    ###....
 Leda's Liquefaction      Hex/Erth       #####.....   4%          4    ###....
 Lightning Bolt           Conj/Air       #####.....   7%          5    #####..
 Blade Hands              Tmut           #####.....   12%         5    #####..


Dungeon Overview and Level Annotations

Branches:
Dungeon (11/15)            Temple (1/1) D:5            Lair (1/6) D:8
    Orc (0/2) D:10          Sewer (visited)

Altars:
Ashenzari
Cheibriados
Dithmenos
Elyvilon
Fedhas
Gozag
Hepliaklqana
Kikubaaqudgha
Makhleb
Nemelex Xobeh
Okawaru
Qazlal
Ru
Sif Muna
Trog
Uskayaw
Vehumet
Wu Jian
Xom
Yredelemnul
Zin
The Shining One

Shops:
D:9 *}


Innate Abilities, Weirdness & Mutations

Your experience applies equally to all skills.
You have very sharp teeth.
Your uncanny sense of smell can sniff out nearby items.


Message History

You feel much better.
* * * LOW HITPOINT WARNING * * *
You feel very sick. The water moccasin closely misses you.
The six-headed hydra bites you.
* * * LOW HITPOINT WARNING * * *
The six-headed hydra completely misses you. x2
The six-headed hydra closely misses you. x3
The crocodile closely misses you. The spiny frog stings you!
* * * LOW HITPOINT WARNING * * *
You are more poisoned.
The spiny frog poisons you! The water moccasin closely misses you.
You feel much better.
* * * LOW HITPOINT WARNING * * *
You feel very sick. The six-headed hydra bites you.
* * * LOW HITPOINT WARNING * * *
The six-headed hydra bites you!
* * * LOW HITPOINT WARNING * * *
The six-headed hydra bites you!
You die...

#######.....#.#.#.#....
#......##'#.#.#.#.#####
#......##.#.#.#.#.##.._
###.....####.#.#....#...
##......P..##.#.###.##...
##......PP..P#.#.# #.##...
########....P.PPPP.P#.#.# #.##...
.....##.....P..tF.PP#.#.#>#.###''
.....##....P...S@.PP#.#.#,#.##...
.....##.#.P...÷D..PP#.#.# #.##...
.....'..##...PPPPPP##.#(# #.##..8
.....##.#############...# #......
.....##........#.#.#..### ###.##.
.....##.......##.#.#..# , #.##.
..(..##.#####.#..#.#..# #.#.<
#######'#####.#.##....# #.###
#<.......#.#.####.## ,,, #....


You could see a six-headed hydra, a spiny frog, a water moccasin and a
crocodile.

Vanquished Creatures
  2 two-headed ogres
  A deep elf mage (D:10)
  A cyclops (D:11)
  A guardian serpent (D:10)
  A gargoyle (D:10)
  A kobold demonologist (D:10)
  A komodo dragon (D:8)
  A troll (D:10)
  Grinder (D:6)
  2 hippogriffs (D:7)
  Sigmund (D:2)
  A wyvern (D:11)
  8 yaks
  Menkaure (D:5)
  A soldier ant (D:10)
  Edmund (D:5)
  Duvessa (D:6)
  3 orc warriors
  3 sky beasts
  3 phantoms
  2 ice beasts
  6 ogres
  3 centaurs
  20 wolves
  A crocodile (D:8)
  6 bullfrogs
  2 gnoll sergeants
  A wyvern zombie (D:8)
  A scorpion (D:9)
  A wyvern skeleton (D:8)
  Dowan (D:6)
  4 killer bees (D:9)
  5 wights (D:10)
  5 crimson imps
  2 quasits
  3 hounds
  2 bullfrog skeletons
  3 orc wizards
  2 centaur skeletons (D:9)
  6 orc priests
  2 jellies
  2 iguanas
  9 worker ants
  A killer bee zombie (D:8)
  2 hound zombies
  3 worker ant zombies
  A howler monkey skeleton (D:9)
  15 adders
  9 gnolls
  3 shadow imps
  3 oozes
  4 worms
  4 dart slugs
  8 leopard geckos
  34 orcs
  9 giant cockroaches
  2 goblins
  12 hobgoblins
  8 jackals (D:4)
  6 kobolds
  8 quokkas
  3 ball pythons
  7 bats
  12 frilled lizards
  A jackal zombie (D:8)
  A leopard gecko zombie (D:5)
  A quokka skeleton (D:5)
  6 rats
  3 plants (D:8)
290 creatures vanquished.

Vanquished Creatures (collateral kills)
  5 wolves
5 creatures vanquished.

Vanquished Creatures (others)
  14 plants
14 creatures vanquished.

Grand Total: 309 creatures vanquished

Notes
Turn   | Place    | Note
-------+----------+-------------------------------------------
     0 | D:1      | Kagalorn the Gnoll Air Elementalist began the quest for the
                  | Orb.
     0 | D:1      | Reached XP level 1. HP: 13/13 MP: 6/6
   158 | D:1      | Reached XP level 2. HP: 19/19 MP: 1/7
   389 | D:1      | Reached XP level 3. HP: 25/25 MP: 1/9
   402 | D:1      | Reached skill level 5 in Spellcasting
   935 | D:2      | Reached skill level 1 in Invocations
  1117 | D:2      | Noticed Sigmund
  1140 | D:2      | Killed Sigmund
  1140 | D:2      | Reached skill level 1 in Fighting
  1140 | D:2      | Reached skill level 1 in Short Blades
  1140 | D:2      | Reached skill level 1 in Long Blades
  1140 | D:2      | Reached skill level 1 in Axes
  1140 | D:2      | Reached skill level 1 in Maces & Flails
  1140 | D:2      | Reached skill level 1 in Polearms
  1140 | D:2      | Reached skill level 1 in Staves
  1140 | D:2      | Reached skill level 1 in Slings
  1140 | D:2      | Reached skill level 1 in Bows
  1140 | D:2      | Reached skill level 1 in Crossbows
  1140 | D:2      | Reached skill level 1 in Throwing
  1140 | D:2      | Reached skill level 1 in Armour
  1140 | D:2      | Reached skill level 1 in Shields
  1140 | D:2      | Reached skill level 1 in Unarmed Combat
  1140 | D:2      | Reached skill level 1 in Hexes
  1140 | D:2      | Reached skill level 1 in Charms
  1140 | D:2      | Reached skill level 1 in Summonings
  1140 | D:2      | Reached skill level 1 in Necromancy
  1140 | D:2      | Reached skill level 1 in Translocations
  1140 | D:2      | Reached skill level 1 in Transmutations
  1140 | D:2      | Reached skill level 1 in Fire Magic
  1140 | D:2      | Reached skill level 1 in Ice Magic
  1140 | D:2      | Reached skill level 1 in Earth Magic
  1140 | D:2      | Reached skill level 1 in Poison Magic
  1140 | D:2      | Reached skill level 1 in Evocations
  1140 | D:2      | Reached XP level 4. HP: 32/32 MP: 3/11
  1140 | D:2      | Reached XP level 5. HP: 37/37 MP: 3/12
  1161 | D:2      | You fall into a shaft and drop 2 floors!
  1260 | D:4      | Reached XP level 6. HP: 34/44 MP: 3/13
  1326 | D:4      | Found a glowing drain.
  1337 | Sewer    | Entered a sewer
  1360 | Sewer    | Learned a level 4 spell: Airstrike
  1772 | Sewer    | Reached skill level 5 in Dodging
  2363 | D:2      | Found a shadowy altar of Dithmenos.
  2877 | D:2      | Found a sparkling altar of Nemelex Xobeh.
  3691 | D:4      | Reached XP level 7. HP: 50/50 MP: 9/15
  3785 | D:4      | Found a basalt altar of Yredelemnul.
  4204 | D:5      | Entered Level 5 of the Dungeon
  4520 | D:5      | Noticed Menkaure
  4531 | D:5      | Killed Menkaure
  4531 | D:5      | Reached skill level 5 in Stealth
  4657 | D:5      | Noticed Edmund
  4826 | D:5      | Found a staircase to the Ecumenical Temple.
  4837 | Temple   | Entered the Ecumenical Temple
  5028 | Temple   | Became a worshipper of Ashenzari the Shackled
  5081 | D:5      | Killed Edmund
  5081 | D:5      | Reached XP level 8. HP: 43/57 MP: 5/16
  5444 | D:5      | Got the cursed rapier of Sin {drain, rElec rPois Int+5}
  5653 | D:5      | Found a sacrificial altar of Ru.
  5962 | D:6      | Noticed Grinder
  5968 | D:6      | Killed Grinder
  6351 | D:6      | Noticed Duvessa
  6352 | D:6      | Noticed Dowan
  6374 | D:6      | Killed Dowan
  6376 | D:6      | Killed Duvessa
  6815 | D:6      | Reached XP level 9. HP: 62/65 MP: 11/18
  7044 | D:6      | Identified the amulet "Xeal" {RegenMP *Corrode rElec rPois
                  | rF+}
  7384 | D:7      | Reached * piety under Ashenzari
  8253 | D:7      | Reached skill level 5 in Invocations
  8714 | D:8      | Found an ancient bone altar of Kikubaaqudgha.
  8761 | D:8      | Found a stormy altar of Qazlal.
  8989 | D:8      | Reached XP level 10. HP: 46/73 MP: 15/20
  9253 | D:8      | Found a snail-covered altar of Cheibriados.
  9580 | D:8      | Found a staircase to the Lair.
 10203 | D:9      | Noticed a two-headed ogre
 10243 | D:8      | Killed a two-headed ogre
 10243 | D:8      | Reached skill level 5 in Fighting
 10243 | D:8      | Reached skill level 5 in Short Blades
 10243 | D:8      | Reached skill level 5 in Long Blades
 10243 | D:8      | Reached skill level 5 in Axes
 10243 | D:8      | Reached skill level 5 in Maces & Flails
 10243 | D:8      | Reached skill level 5 in Polearms
 10243 | D:8      | Reached skill level 5 in Staves
 10243 | D:8      | Reached skill level 5 in Slings
 10243 | D:8      | Reached skill level 5 in Bows
 10243 | D:8      | Reached skill level 5 in Crossbows
 10243 | D:8      | Reached skill level 5 in Throwing
 10243 | D:8      | Reached skill level 5 in Armour
 10243 | D:8      | Reached skill level 5 in Shields
 10243 | D:8      | Reached skill level 5 in Unarmed Combat
 10243 | D:8      | Reached skill level 5 in Evocations
 10449 | D:9      | Found Zurafus's Gadget Emporium.
 10735 | D:9      | Found Ivalo's General Store.
 10806 | D:9      | Bought a scroll of amnesia for 49 gold pieces
 10806 | D:9      | Bought a potion of might for 56 gold pieces
 10806 | D:9      | Bought a scroll of identify for 28 gold pieces
 10806 | D:9      | Bought a potion of mutation for 112 gold pieces
 10806 | D:9      | Bought a scroll of remove curse for 42 gold pieces
 10806 | D:9      | Bought a scroll of fog for 28 gold pieces
 10807 | D:9      | Identified the cursed +2 rapier of Sin {drain, rElec rPois
                  | Int+5} (You found it on level 5 of the Dungeon)
 11201 | D:9      | Reached ** piety under Ashenzari
 11208 | D:9      | Found a white marble altar of Elyvilon.
 11222 | D:9      | Reached skill level 5 in Conjurations
 11834 | D:10     | Entered Level 10 of the Dungeon
 12279 | D:10     | Noticed a deep elf mage
 12316 | D:10     | Killed a deep elf mage
 12316 | D:10     | Reached XP level 11. HP: 81/81 MP: 5/22
 12890 | D:10     | Found a staircase to the Orcish Mines.
 13392 | D:10     | Reached skill level 5 in Hexes
 13392 | D:10     | Reached skill level 5 in Charms
 13392 | D:10     | Reached skill level 5 in Summonings
 13392 | D:10     | Reached skill level 5 in Necromancy
 13392 | D:10     | Reached skill level 5 in Translocations
 13392 | D:10     | Reached skill level 5 in Transmutations
 13392 | D:10     | Reached skill level 5 in Fire Magic
 13392 | D:10     | Reached skill level 5 in Ice Magic
 13392 | D:10     | Reached skill level 5 in Earth Magic
 13392 | D:10     | Reached skill level 5 in Poison Magic
 13709 | D:11     | Noticed a brown ugly thing
 13788 | D:11     | Noticed a cyclops
 13793 | D:11     | Killed a cyclops
 14332 | D:11     | Noticed a two-headed ogre
 14342 | D:11     | Killed a two-headed ogre
 14631 | Lair:1   | Entered Level 1 of the Lair of Beasts
 14658 | D:8      | Learned a level 4 spell: Summon Ice Beast
 15578 | D:8      | Found an ancient bone altar of Kikubaaqudgha.
 15582 | D:8      | Found a stormy altar of Qazlal.
 15732 | D:8      | Found a snail-covered altar of Cheibriados.
 16276 | Lair:1   | Noticed a spriggan rider
 16371 | Lair:1   | Noticed a six-headed hydra
 16924 | D:8      | Found a staircase to the Lair.
 17217 | D:8      | Found a stormy altar of Qazlal.
 17218 | D:8      | Found an ancient bone altar of Kikubaaqudgha.
 17597 | D:8      | Found a snail-covered altar of Cheibriados.
 18423 | D:8      | HP: 4/83 [spiny frog (15)]
 18424 | D:8      | Slain by a six-headed hydra

Illustrated notes

Levels and vault maps discovered:
D:1:      dpeg_arrival_stone_temple_mockup, layout_loops_ring
D:2:      layout_rooms, lemuel_coloured_pillars_altar,
          nicolae_dithmenos_shadow_blocks, serial_bayou, serial_bayou_pond_c,
          serial_bayou_crossing, serial_bayou_lake_a, uniq_sigmund
D:3:      layout_basic, first_ration
D:4:      layout_loops_cross, yredelemnul_altar_generic,
          cheibrodos_sewer_entry_drain
D:5:      layout_basic, kennysheep_little_box,
          minmay_temple_entry_statues_fountains, uniq_edmund, uniq_menkaure
D:6:      minmay_clustersquares, layout_loops_ring, uniq_duvessa, uniq_grinder
D:7:      layout_cave_pools, grunt_ogre_cave
D:8:      lemuel_upstairs_altar, layout_basic, slow_altar_2,
          grunt_temple_overflow_open, david_lair_shrubbed
D:9:      layout_basic, elyvilon_altar_5, serial_glass, glass_columns_a,
          glass_columns_a, glass_columns_a, glass_columns_a, glass_columns_b,
          glass_columns_b, glass_columns_c, glass_columns_a, serial_shops, shop,
          shop, minmay_misc_feat_hallway
D:10:     layout_loops_ring, hiddenorc1_lemuel, nrook_guardian_serpent_ordinary
D:11:     layout_loops_ring, serial_bayou_pond_e, nicolae_elemental_shop
Temple:   eino_narrow_crystal_temple
Lair:1:   dpeg_oklob_gauntlet, layout_small_grid, grunt_forest_large_clearings

Skill      XL: |  1  2  3  4  5  6  7  8  9 10 11 |
---------------+----------------------------------+-----
Conjurations   | 2 3 4 5 |  5.9
Spellcasting   | 5 6 7 8 |  8.4
Invocations    | 1 2 3 4 5 6 7 |  7.2
Fighting       | 1 2 3 4 5 6 |  6.6
Short Blades   | 1 2 3 4 5 6 |  6.6
Long Blades    | 1 2 3 4 5 6 |  6.6
Axes           | 1 2 3 4 5 6 |  6.6
Maces & Flails | 1 2 3 4 5 6 |  6.6
Polearms       | 1 2 3 4 5 6 |  6.6
Staves         | 1 2 3 4 5 6 |  6.6
Slings         | 1 2 3 4 5 6 |  6.6
Bows           | 1 2 3 4 5 6 |  6.6
Crossbows      | 1 2 3 4 5 6 |  6.6
Throwing       | 1 2 3 4 5 6 |  6.6
Armour         | 1 2 3 4 5 6 |  6.6
Shields        | 1 2 3 4 5 6 |  6.6
Unarmed Combat | 1 2 3 4 5 6 |  6.6
Hexes          | 1 2 3 4 5 |  5.4
Charms         | 1 2 3 4 5 |  5.4
Summonings     | 1 2 3 4 5 |  5.4
Necromancy     | 1 2 3 4 5 |  5.4
Translocations | 1 2 3 4 5 |  5.4
Transmutations | 1 2 3 4 5 |  5.4
Fire Magic     | 1 2 3 4 5 |  5.4
Ice Magic      | 1 2 3 4 5 |  5.4
Earth Magic    | 1 2 3 4 5 |  5.4
Poison Magic   | 1 2 3 4 5 |  5.4
Evocations     | 1 2 3 4 5 6 |  6.6
Dodging        | 5 6 7 8 |  8.1
Stealth        | 5 6 7 |  7.9
Air Magic      | 6 7 |  7.8

Action                   |  1- 3 |  4- 6 |  7- 9 | 10-12 || total
-------------------------+-------+-------+-------+-------++-------
Melee: Unarmed           |    12 |    15 |       |       ||    27
       Short sword       |       |     8 |    25 |       ||    33
       Bite              |       |     5 |     7 |    30 ||    42
       Spear             |       |       |    54 |   202 ||   256
       Punch             |       |       |       |     8 ||     8
Throw: Stone             |     2 |       |       |       ||     2
       Dart              |       |       |     4 |     7 ||    11
 Cast: Shock             |    45 |    96 |   171 |   293 ||   605
       Airstrike         |       |     4 |    46 |   105 ||   155
       Summon Ice Beast  |       |       |       |     7 ||     7
Invok: Curse Item        |       |       |     1 |     1 ||     2
  Use: Potion            |     2 |       |       |     2 ||     4
       Scroll            |       |     1 |       |     8 ||     9
 Stab: Sleeping          |     2 |     1 |     1 |     1 ||     5
       Distracted        |       |       |       |     1 ||     1
  Eat: Chunk             |       |     6 |    17 |    23 ||    46
       Ration            |       |     1 |     2 |     4 ||     7
Armor: Robe              |     2 |     3 |    26 |    75 ||   106
Dodge: Dodged            |    22 |    37 |   111 |   363 ||   533
